AoeStats
← Adrijiga

Arena

508191933Analyzed
4v4 RM · 12d ago on Sep 21, 2026· 51m 49s· 8 players
Game mode
Random Map
Map size
Large (8 player)
Population
200
Speed
Normal
Resources
Standard
Victory
Conquest
Starting age
Dark Age
Ending age
Imperial Age
RankedLock teamsTeams togetherTeam positionsShared explorationLock speedFull tech treeHidden civsTurbo modeCheats
Victory
Defeat
🇹🇼 Muisca · Taiwan
1465
+12
🇫🇷 Khmer · France
1438
+13
🇪🇸 Koreans · Spain
1386
+16
🇹🇼 Turks · Taiwan
1386
+16
🇧🇪 Wei · Belgium
1473
-18
🇦🇺 Huns · Australia
1384
-14
🇦🇺 Bohemians · Australia
1368
-14
🇦🇿 Armenians · Azerbaijan
1301
-11
chengaopeng044
0:42 Loom
11:27 Feudal Age
15:03 Castle Age
13:16 Double-Bit Axe
14:53 Bloodlines
17:30 Scale Barding Armor
19:40 Bow Saw
20:33 Forging
22:35 Horse Collar
23:10 Gold Mining
23:26 Town Watch
24:31 Wheelbarrow
28:58 Heavy Plow
29:37 Iron Casting
29:37 Husbandry
29:56 Stone Mining
31:49 Hand Cart
32:20 Fletching
36:59 Chain Barding Armor
38:15 Gold Shaft Mining
41:27 Imperial Age
40:34 Padded Archer Armor
40:55 Bodkin Arrow
42:14 Leather Archer Armor
44:47 Conscription
45:06 Heavy Camel Rider
48:24 Plate Barding Armor
51:32 Blast Furnace
50:33 Bracer
52:11 Two-Man Saw
guilleol1005
11:21 Feudal Age
14:27 Castle Age
12:16 Double-Bit Axe
12:30 Horse Collar
15:18 Bow Saw
15:19 Heavy Plow
16:11 Loom
16:13 Town Watch
21:29 Wheelbarrow
23:35 Hand Cart
25:05 Fletching
26:01 Bodkin Arrow
29:06 Imperial Age
27:01 Murder Holes
27:07 Gold Mining
27:44 Scale Barding Armor
28:12 Masonry
28:24 Ballistics
29:42 Chain Barding Armor
29:54 Bloodlines
29:45 Husbandry
29:09 Capped Ram
30:43 Conscription
31:00 Siege Engineers
30:27 Light Cavalry
33:00 Chemistry
32:41 Double Crossbow
34:46 Architecture
35:25 Pikeman
36:22 Siege Ram
37:45 Elite Ballista Elephant
39:26 Scale Mail Armor
39:37 Forging
40:03 Plate Barding Armor
40:32 Chain Mail Armor
40:17 Bracer
41:45 Iron Casting
41:56 Halberdier
43:23 Devotion
49:59 Man-at-Arms
50:43 Long Swordsman
51:09 Arson
51:46 Two-Handed Swordsman
沒起房子我日
10:31 Feudal Age
14:22 Castle Age
12:20 Double-Bit Axe
12:37 Horse Collar
15:28 Wheelbarrow
15:45 Bow Saw
20:48 Heavy Plow
22:35 Gold Mining
23:41 Hand Cart
27:56 Imperial Age
25:58 Scale Mail Armor
25:44 Loom
25:52 Stone Mining
26:37 Forging
27:05 Gold Shaft Mining
27:15 Chain Mail Armor
27:02 Squires
28:20 Iron Casting
28:34 Elite Temple Guard
29:44 Conscription
29:26 Capped Ram
30:38 Plate Mail Armor
32:37 Coinage
31:55 Treadmill Crane
33:16 Chemistry
32:53 Siege Engineers
35:00 Banking
36:24 Two-Man Saw
36:00 Stone Shaft Mining
35:18 Fletching
37:09 Conscription
37:35 Ballistics
37:12 Murder Holes
37:21 Onager
42:17 Huaracas
42:49 Hoardings
45:26 Town Watch
48:11 Bodkin Arrow
49:32 Crop Rotation
50:50 Town Patrol
Adrijiga
10:25 Feudal Age
14:06 Castle Age
12:43 Double-Bit Axe
18:22 Loom
20:26 Fletching
21:21 Bow Saw
20:52 Horse Collar
22:06 Bodkin Arrow
22:05 Stone Mining
27:11 Wheelbarrow
27:54 Stone Shaft Mining
28:27 Gold Mining
28:11 Pikeman
28:58 Squires
34:21 Imperial Age
33:05 Ballistics
33:34 Scale Barding Armor
33:54 Hand Cart
34:35 Chain Barding Armor
34:26 Elite War Wagon
35:43 Heavy Plow
37:33 Chemistry
37:54 Conscription
38:23 Husbandry
38:48 Bracer
39:57 Forging
40:03 Light Cavalry
40:40 Hussar
41:56 Iron Casting
42:32 Town Watch
46:28 Halberdier
46:55 Gambesons
47:11 Scale Mail Armor
50:48 Two-Man Saw
Samir
10:51 Feudal Age
14:57 Castle Age
13:24 Double-Bit Axe
14:05 Scale Mail Armor
14:18 Man-at-Arms
15:54 Long Swordsman
20:35 Squires
21:09 Arson
21:55 Gambesons
21:30 Two-Handed Swordsman
22:45 Chain Mail Armor
27:15 Bow Saw
27:43 Wheelbarrow
27:16 Champion
28:30 Forging
30:41 Iron Casting
30:13 Horse Collar
33:11 Loom
38:36 Imperial Age
38:16 Gold Mining
38:17 Stone Mining
39:30 Fereters
40:00 Plate Mail Armor
40:31 Blast Furnace
47:16 Hand Cart
46:47 Town Watch
itodler
11:21 Feudal Age
14:58 Castle Age
13:13 Double-Bit Axe
14:00 Horse Collar
17:29 Wheelbarrow
17:52 Fervor
18:09 Town Watch
20:17 Fervor
22:25 Redemption
22:36 Sanctity
22:53 Loom
25:22 Town Patrol
29:40 Imperial Age
28:03 Pikeman
28:43 Squires
28:45 Scale Mail Armor
30:36 Chemistry
29:55 Chain Mail Armor
29:50 Forging
30:43 Sanctity
30:47 Block Printing
30:11 Halberdier
31:59 Scale Barding Armor
32:27 Plate Mail Armor
32:33 Illumination
39:10 Houfnice
42:22 Theocracy
42:56 Conscription
JuanWicko
11:49 Feudal Age
15:42 Castle Age
13:30 Double-Bit Axe
13:43 Horse Collar
16:36 Bow Saw
16:28 Heavy Plow
17:59 Town Watch
20:52 Forging
24:37 Wheelbarrow
28:59 Gold Mining
29:15 Scale Barding Armor
29:43 Bloodlines
29:33 Husbandry
29:44 Marauders
31:13 Gold Shaft Mining
31:42 Hand Cart
33:28 Chain Barding Armor
33:43 Iron Casting
36:37 Imperial Age
35:45 Iron Casting
37:04 Cavalier
38:28 Plate Barding Armor
39:18 Blast Furnace
40:14 Paladin
43:21 Conscription
45:55 Light Cavalry
47:32 Hussar
50:43 Two-Man Saw
50:39 Capped Ram
belgawizard
10:42 Feudal Age
11:58 Double-Bit Axe
12:08 Loom
14:49 Castle Age
12:37 Horse Collar
13:22 Gold Mining
16:53 Bow Saw
22:10 Wheelbarrow
22:08 Stone Mining
22:35 Heavy Plow
24:27 Hand Cart
24:53 Scale Barding Armor
25:52 Gold Shaft Mining
25:42 Town Watch
28:41 Imperial Age
27:49 Stone Shaft Mining
28:06 Chain Barding Armor
29:44 Conscription
29:42 Forging
29:46 Bloodlines
29:37 Husbandry
31:11 Elite Tiger Cavalry
33:18 Ming Guang Armor
33:48 Iron Casting
34:21 Masonry
39:10 Blast Furnace
38:21 Fletching
41:30 Hoardings
43:50 Light Cavalry
44:51 Hussar
Connection lost

Rejoining the realm…

Still unreachable

The connection could not be restored.

Session expired

The server has moved on; the page needs a fresh start.